 Dungeon Crawl Stone Soup version 0.31-a0-848-gaac375c287 (webtiles) character file.

Game seed: 8198381580078135452

182 lunkers the Insei (level 6, -2/47 HPs)
             Began as a Meteoran Shapeshifter on Oct 4, 2023.
             Was an Initiate of Okawaru.
             Slain by an orc warrior
             ... wielding a +0 long sword
              (11 damage)
             ... on level 4 of the Dungeon.
             The game lasted 00:02:50 (1527 turns).

lunkers the Insei (Meteoran Shapeshifter)           Turns: 1527, Time: 00:02:50

Health: -2/47      AC:  5    Str: 15    XL:     6   Next: 16%
Magic:  7/7        EV: 11    Int: 13    God:    Okawaru [......]
Gold:   77         SH:  0    Dex: 15    Spells: 5/5 levels left

rFire   . .          .
                       - Unarmed
rCold   . . .        (no shield)
rNeg    . . .        i - +0 ring mail
rPois   .            (helmet currently unavailable)
rElec   .            (cloak currently unavailable)
rCorr   .            (gloves currently unavailable)
SInv    .            (boots currently unavailable)
Will    .....        (no amulet)
Stlth   +            (no ring)
HPRegen 0.27/turn    (no ring)
MPRegen 0.10/turn

%: no passive effects
@: beast-form, glowing
A: beast (slay +2), sense surroundings 1, otherworldly, glowing, explore regen
a: Begin Untransformation, Renounce Religion


You were on level 4 of the Dungeon.
You worshipped Okawaru.
Okawaru was noncommittal.
You were a hulking beast.
You visited 1 branch of the dungeon, and saw 4 of its levels.

You collected 77 gold pieces.

Inventory:

Armour
 a - a +0 animal skin
 i - a +0 ring mail (worn)
 k - a +0 pair of boots
Jewellery
 b - a ring of ice
Talismans
 c - a beast talisman (active)
 d - a flux talisman
Scrolls
 e - a scroll of fear {unknown}
 f - a scroll of noise {unknown}
 g - 2 scrolls of identify {unknown}
 h - a scroll of revelation {unknown}
 j - a scroll of teleportation {unknown}
Potions
 l - a potion of berserk rage {unknown}


   Skills:
 - Level 1.1 Fighting
 - Level 2.1 Dodging
 * Level 6.4 Unarmed Combat
 + Level 4.9 Shapeshifting


You had 5 spell levels left.
You didn't know any spells.
Your spell library contained the following spells:

 Spells                   Type           Power      Damage    Failure   Level
 Sandblast                Erth           0%         2d4       52%         1
 Passwall                 Tmut/Erth      0%         N/A       67%         2
 Stone Arrow              Conj/Erth      0%         3d7       88%         3
 Brom's Barrelling Bould  Conj/Erth      0%         2d3       99%         4


Dungeon Overview and Level Annotations

Branches:
Dungeon (4/15) Zot: 886
 Temple: D:4-7

Altars:
Okawaru

Annotations:
D:3 1 runed translucent door
D:4 3 runed translucent doors, GreenGuy14's ghost, amateur MiMo


Innate Abilities, Weirdness & Mutations

You are a hulking beast.
Your limbs bulge with bestial killing power. (Slay +2)
You passively map a small area around you.
You are easily found by Zot.
You glow in the dark.
You regain HP and MP as you explore.


Message History

Okawaru accepts your kill.
An orc comes into view. It is wielding a +0 club.
The orc warrior throws a boomerang.
The boomerang hits you.
Things that are here:
a +0 dagger; a goblin corpse The orc warrior hits you with a +0 long sword!
You hit the orc warrior but do no damage.
The orc warrior hits you with a +0 long sword.
You closely miss the orc warrior. The orc warrior barely misses you.
You hit the orc warrior but do no damage.
The orc warrior hits you with a +0 long sword.
* * * LOW HITPOINT WARNING * * *
Okay, then.
You punch the orc warrior!
The orc warrior is moderately wounded.
Unknown command.
You hit the orc warrior.
The orc warrior is moderately wounded.
The orc warrior hits you with a +0 long sword!
* * * LOW HITPOINT WARNING * * *
You punch the orc warrior!
The orc warrior is severely wounded.
The orc warrior hits you with a +0 long sword!
* * * LOW HITPOINT WARNING * * *
You barely miss the orc warrior.
The orc warrior is severely wounded.
The orc warrior hits you but does no damage.
Unknown command.
You barely miss the orc warrior.
The orc warrior is severely wounded.
The orc warrior closely misses you.
Unknown command.
You hit the orc warrior.
The orc warrior is severely wounded.
The orc warrior closely misses you.
Unknown command.
You barely miss the orc warrior.
The orc warrior is severely wounded.
The orc warrior hits you with a +0 long sword!
You die...

* # , ,
# ** ###
* ##.<
###
*####.##
#o. , ,
.......
#o#* *
####...
#o# *
##.. #h#
, #..
#)# #..
#.# #.†
#.# #..#
#.. #.#
##..#
#.. #>#
#...*
#.. #.#
#..# #..
#.# #..#
#.. #.#
#..# #)#


You could see an orc warrior and 2 orcs.

Vanquished Creatures
  A jelly (D:4)
  Terence (D:2)
  An iguana (D:4)
  5 adders
  2 worms
  2 dart slugs
  2 orcs (D:3)
  3 bats
  3 endoplasms
  2 giant cockroaches
  7 goblins
  7 hobgoblins
  3 kobolds
  A quokka (D:3)
  5 ball pythons
  A frilled lizard (D:2)
  3 rats
49 creatures vanquished.

Notes
Turn   | Place    | Note
-------+----------+-------------------------------------------
     0 | D:1      | lunkers the Meteoran Shapeshifter began the quest for the
                  | Orb.
     0 | D:1      | Reached XP level 1. HP: 16/16 MP: 2/2
    68 | D:1      | Reached XP level 2. HP: 22/23 MP: 3/3
   111 | D:1      | Reached skill level 4 in Unarmed Combat
   419 | D:1      | Reached XP level 3. HP: 28/28 MP: 4/4
   502 | D:1      | Glimpsed the power of Zot.
   545 | D:2      | Noticed Terence
   559 | D:2      | Killed Terence
   560 | D:2      | Reached skill level 5 in Unarmed Combat
   560 | D:2      | Reached XP level 4. HP: 35/35 MP: 5/5
   877 | D:3      | Reached XP level 5. HP: 28/40 MP: 6/6
  1096 | D:3      | Found a runed translucent door.
  1343 | D:3      | Found an iron altar of Okawaru.
  1350 | D:3      | Became a worshipper of Warmaster Okawaru
  1444 | D:4      | Reached skill level 6 in Unarmed Combat
  1472 | D:4      | Reached XP level 6. HP: 46/47 MP: 7/7
  1496 | D:4      | Found a runed translucent gate.
  1496 | D:4      | Found a runed translucent gate.
  1497 | D:4      | Found a runed translucent gate.
  1497 | D:4      | Noticed GreenGuy14's ghost (amateur MiMo)
  1513 | D:4      | Noticed an orc warrior
  1527 | D:4      | Slain by an orc warrior

Illustrated notes

Levels and vault maps discovered:
D:1:      lightli_iron_boxes, layout_basic, minmay_misc_feat_more_columns,
          grunt_decor_one_mirror
D:2:      minmay_general_purpose_star, layout_loops_ring,
          ebering_ecumenical_altar_ruins, uniq_terence
D:3:      layout_basic, okawaru_ov_weapons_minmay,
          ebering_ghost_reflecting_pool, uniq_natasha
D:4:      layout_loops_ring, minmay_temple_entry_trees,
          ebering_ghost_rock_garden, uniq_crazy_yiuf_cottage

Skill      XL: |  1  2  3  4  5 |
---------------+----------------+-----
Unarmed Combat | 4 5 6 |  6.4
Shapeshifting  | 4 |  4.9
Fighting       | |  1.1
Dodging        | |  2.1

Action                     |  1- 3 |  4- 6 || total
---------------------------+-------+-------++-------
  Melee: Unarmed           |    45 |    93 ||   138
         Punch             |       |     2 ||     2
    Use: Potion            |     1 |       ||     1
 Armour: Animal skin       |    22 |    12 ||    34
         Skin              |    13 |       ||    13
         Ring mail         |       |    27 ||    27
  Dodge: Dodged            |    25 |    48 ||    73

Table legend: (Time is in decaauts)
 A = Elapsed time spent in this place.
 B = Non-inter-level travel time spent in this place.
 C = Inter-level travel time spent in this place.
 D = Time resting spent in this place.
 E = Time spent auto-exploring this place.
 F = Levels seen in this place.
 G = Mean time per level.
                   A        B        C        D        E       F      G
               +--------+--------+--------+--------+--------+-----+--------+
         Total |   1512 |   1453 |     59 |     15 |   1011 |   4 |  378.0 |
       Dungeon |   1512 |   1453 |     59 |     15 |   1011 |   4 |  378.0 |
               +--------+--------+--------+--------+--------+-----+--------+

Top non-repeatable levels by time:
     D:3: 554 daAuts
     D:1: 521 daAuts
     D:2: 338 daAuts
     D:4: 97 daAuts
